 Dungeon Crawl Stone Soup version 0.20.1-1-g8b1a95d (webtiles) character file.

934 letownia2 the Reanimator (level 7, 39/60 HPs)
             Began as a Deep Dwarf Necromancer on Dec 22, 2017.
             Quit the game on level 5 of the Dungeon.
             The game lasted 00:08:12 (2524 turns).

letownia2 the Reanimator (Deep Dwarf Necromancer)   Turns: 2524, Time: 00:08:13

Health: 39/60      AC:  6    Str: 12    XL:     7   Next: 86%
Magic:  13/13      EV: 11    Int: 17    God:
Gold:   90         SH:  0    Dex: 17    Spells: 10/14 levels left

rFire    . . .     SeeInvis .   a - +2 dagger (drain)
rCold    . . .     Gourm    .   (no shield)
rNeg     . . .     Faith    .   d - +0 ring mail
rPois    .         Spirit   .   i - +0 helmet
rElec    .         Reflect  .   (no cloak)
rCorr    +         Harm     .   (no gloves)
MR       +....                  (no boots)
Stlth    ++........             (no amulet)
Regen    0.0/turn               k - ring of resist corrosion
MPRegen  0.2/turn               m - +4 ring of dexterity

@: non-regenerating
A: damage resistance, heal wounds, sense surroundings 1, no regeneration
a: Heal Wounds


You were on level 5 of the Dungeon.
You were hungry.

You visited 1 branch of the dungeon, and saw 5 of its levels.
You also visited: Sewer.

You collected 90 gold pieces.

Inventory:

Hand Weapons
 a - a +2 dagger of draining (weapon)
Armour
 d - a +0 ring mail (worn)
 i - a +0 helmet (worn)
Jewellery
 k - a ring of resist corrosion (left hand)
 m - a +4 ring of dexterity (right hand)
Scrolls
 h - a scroll of magic mapping {unknown}
 n - a scroll of identify {unknown}
 o - a scroll of blinking {unknown}
Potions
 e - a potion of curing {unknown}
 f - 2 potions of heal wounds {unknown}
 j - a potion of agility {unknown}
 l - a potion of degeneration {unknown}
Books
 b - a book of Necromancy

   Spells                             Type                      Level
   a - Pain                           Necromancy                   1
   b - Animate Skeleton               Necromancy                   1
   c - Vampiric Draining              Necromancy                   3
   d - Regeneration                   Charms/Necromancy            3
   e - Animate Dead                   Necromancy                   4
   f - Control Undead                 Necromancy                   4
Comestibles
 c - 3 bread rations


   Skills:
 - Level 2.1 Fighting
 - Level 2.1 Dodging
 - Level 2.4 Stealth
 + Level 4.4 Spellcasting
 + Level 8.9 Necromancy


You had 10 spell levels left.
You knew the following spells:

 Your Spells              Type           Power        Failure   Level  Hunger
a - Pain                  Necr           ####         1%          1    None
v - Vampiric Draining     Necr           ####......   2%          3    ###....


Dungeon Overview and Level Annotations

Branches:
Dungeon (5/15)
 Temple: D:4-7

Altars:
Cheibriados
Hepliaklqana
Okawaru
Trog
Zin


Innate Abilities, Weirdness & Mutations

You are resistant to damage.
You can heal yourself by infusing magical energy.
You passively map a small area around you.
You do not regenerate.


Message History

The hobgoblin throws a stone.
The stone hits you.
A kobold comes into view. It is wielding a club.
You see here a stone.
The hobgoblin throws a stone.
The stone hits you but does no damage.
You see here a stone.
The kobold closely misses you. The kobold hits you but does no damage.
Found a royal jelly.
You see here a royal jelly.
The kobold throws a stone.
The stone hits you but does no damage.
You see here a stone.
The kobold throws a stone.
The stone misses you. The orc hits you but does no damage.
The kobold throws a stone.
The stone hits you but does no damage.
The hobgoblin hits you but does no damage.
You see here a stone.
The kobold throws a stone.
The stone barely misses you. The big kobold misses you.
The kobold hits you with a club.
You hit the kobold.
You kill the kobold!
Are you sure you want to abandon this character and quit the game? (Confirm with "yes".)

#.(.# ##.. *#.#..
############# ######.#..
#....((.%gK.##.......#..
######K####.K.....##.#..
#Kgw5K(...#..##.#..
#oggKg(K..#....g5.(
#K...K.K..#..#.KK(K
#K####K##.KgK..K...
#K@KKg..####.K...K.
######KK........K..
#........K(K..###.
#.###..####g....#. #..#
#...###. * #..#* #...#
#. ,* ...., ...... ,
.....,........ ,.....
.........,


You could see 2 big kobolds, an orc, a hobgoblin and 8 kobolds.

Vanquished Creatures
  A hornet (D:5)
  Eustachio (D:4)
  An ogre (D:4)
  2 big kobolds (Sewer)
  A scorpion (D:4)
  A bullfrog zombie (D:4)
  A jelly (D:5)
  An orc priest (D:4)
  An orc wizard (D:4)
  2 worker ants (D:4)
  A worker ant zombie (D:5)
  6 adders
  A shadow imp (D:5)
  2 oozes (Sewer)
  An adder skeleton (D:4)
  2 worms (D:4)
  A dart slug (D:4)
  5 leopard geckos
  5 orcs
  4 giant cockroaches
  3 hobgoblins
  9 kobolds
  4 quokkas
  4 frilled lizards
  4 goblins
  4 rats
68 creatures vanquished.

Notes
Turn   | Place    | Note
-------+----------+-------------------------------------------
     0 | D:1      | letownia2 the Deep Dwarf Necromancer began the quest for the Orb.
     0 | D:1      | Reached XP level 1. HP: 15/15 MP: 3/3
   354 | D:1      | Reached XP level 2. HP: 16/22 MP: 3/5
   718 | D:3      | Reached skill level 5 in Necromancy
   718 | D:3      | Reached XP level 3. HP: 14/28 MP: 0/6
   736 | D:3      | Learned a level 3 spell: Vampiric Draining
   783 | D:4      | Noticed an ogre
   805 | D:4      | Killed an ogre
   805 | D:4      | Reached skill level 6 in Necromancy
   805 | D:4      | Reached XP level 4. HP: 13/36 MP: 1/7
   812 | D:4      | Reached XP level 5. HP: 14/42 MP: 0/8
  1112 | D:4      | Found a glowing drain.
  1132 | Sewer    | Entered a sewer
  1169 | Sewer    | Reached skill level 7 in Necromancy
  1252 | Sewer    | Reached XP level 6. HP: 45/49 MP: 0/10
  1274 | Sewer    | Noticed cirnu's ghost (amateur DsFi)
  1524 | D:4      | Reached skill level 1 in Fighting
  1535 | D:4      | Noticed Eustachio
  1557 | D:4      | Killed Eustachio
  1657 | D:4      | Reached XP level 7. HP: 56/60 MP: 1/12
  1694 | D:4      | Reached skill level 8 in Necromancy
  1796 | D:4      | Found a hazy altar of Hepliaklqana.
  1809 | D:4      | Found a snail-covered altar of Cheibriados.
  1809 | D:4      | Found a glowing silver altar of Zin.
  1824 | D:4      | Found an iron altar of Okawaru.
  2057 | D:5      | Entered Level 5 of the Dungeon
  2227 | D:5      | Noticed a hornet
  2240 | D:5      | Killed a hornet
  2469 | D:5      | Found a bloodstained altar of Trog.
  2475 | D:5      | Paralysed by a kobold for 5 turns
  2524 | D:5      | Quit the game

Skill      XL: |  1  2  3  4  5  6  7 |
---------------+----------------------+-----
Spellcasting   | 2 3 4 |  4.4
Necromancy     | 5 6 7 8 |  8.9
Fighting       | 2 |  2.1
Dodging        | |  2.1
Stealth        | |  2.4

Action                   |  1- 3 |  4- 6 |  7- 9 || total
-------------------------+-------+-------+-------++-------
Melee: Unarmed           |    10 |       |       ||    10
       Dagger            |     6 |    47 |    83 ||   136
 Cast: Pain              |    34 |    30 |     4 ||    68
       Vampiric Draining |     1 |    18 |    16 ||    35
  Eat: Chunk             |       |     5 |     4 ||     9
Armor: Robe              |     3 |       |       ||     3
       Ring mail         |    15 |    37 |    73 ||   125
Dodge: Dodged            |    21 |    45 |   125 ||   191
